Map: Ascension to Aiur LE

Players

ShoWTimE - Winner!

  • Race: Protoss Protoss
  • League: Grandmaster
  • Spawn Location: 5:00

Starbuck

  • Race: Zerg Zerg
  • League: Grandmaster
  • Spawn Location: 11:00

Event: WESG Barcelona European Finals 2017

VOD

https://youtu.be/PhWBajLimL8?t=14m41s

Description

Time

  • Played on: Nov. 24, 2017, 7:18 a.m.
  • Length: 11:26

All games in this series

Show
View Real Time Build Order
Export as new Build Order

ShoWTimE Protoss - Winner!

Build Orders: 1 Gate Expand, Oracle Opening, Phoenix Opening 

Get SALT Encoding   

  12  0:00  Probe  
  13  0:12  Probe  
  14  0:18  Pylon  
  14  0:24  Probe (Chrono Boost)  
  15  0:37  Probe (Chrono Boost)  
  15  0:38  Assimilator  
  17  0:46  Probe (Chrono Boost)  
  17  0:48  Gateway  
  17  0:51  Probe  
  18  1:03  Probe  
  19  1:15  Probe  
  20  1:26  Nexus  
  20  1:36  Cybernetics Core  
  20  1:38  Probe  
  21  1:45  Assimilator  
  21  1:50  Probe  
  21  1:52  Pylon  
  22  2:03  Probe  
  23  2:12  Adept (Chrono Boost)  
  23  2:15  Probe  
  26  2:20  Stargate  
  26  2:27  Probe  
  26  2:29  Adept (Chrono Boost)  
  29  2:33  Warp Gate  
  29  2:38  Probe  
  29  2:39  Probe  
  31  2:48  Adept  
  31  2:50  Probe  
  35  2:51  Probe  
  35  3:02  Probe  
  35  3:03  Probe  
  35  3:04  Oracle (Chrono Boost)  
  40  3:14  Probe  
  40  3:15  Pylon, Probe  
  42  3:26  Probe  
  43  3:27  Probe  
  43  3:33  Phoenix  
  44  3:34  Gateway  
  44  3:39  Probe x2 (Chrono Boost)  
  46  3:43  Gateway  
  46  3:51  Probe (Chrono Boost)  
  46  3:53  Assimilator  
  47  3:57  Assimilator, Probe x2 (Chrono Boost)  
  47  3:58  Pylon  
  49  4:03  Shield Battery  
  49  4:07  Oracle  
  49  4:09  Probe x2 (Chrono Boost)  
  54  4:16  Pylon  
  54  4:21  Probe (Chrono Boost)  
  56  4:27  Probe x2 (Chrono Boost)  
  57  4:32  Robotics Facility, Probe  
  57  4:35  Probe  
  59  4:38  Adept x2  
  59  4:40  Adept  
  59  4:44  Probe  
  66  4:48  Probe  
  66  4:49  Pylon  
  67  4:56  Probe  
  68  5:00  Probe  
  68  5:02  Pylon  
  68  5:05  Nexus  
  69  5:08  Probe  
  69  5:12  Probe  
  71  5:20  Probe  
  72  5:25  Twilight Council  
  72  5:26  Forge  
  72  5:27  Observer  
  73  5:30  Probe  
  73  5:31  Sentry x3  
  73  5:32  Probe  
  73  5:35  Pylon  
  81  5:38  Shield Battery  
  81  5:42  Probe  
  82  5:44  Probe  
  82  5:45  Pylon  
  83  5:50  Warp Prism (Chrono Boost)  
  83  5:51  Robotics Bay  
  83  5:54  Probe (Chrono Boost)  
  83  5:55  Protoss Ground Weapons Level 1  
  87  6:01  Gateway  
  87  6:03  Assimilator  
  88  6:06  Probe x2 (Chrono Boost)  
  88  6:09  Assimilator  
  88  6:12  Probe  
  88  6:16  Gateway  
  88  6:17  Blink (Chrono Boost)  
  89  6:19  Probe x2  
  91  6:28  Probe  
  92  6:38  Probe  
  93  6:40  Gateway  
  93  6:42  Gateway  
  93  6:43  Colossus (Chrono Boost)  
  99  6:54  Gateway x2  
  99  6:56  Photon Cannon  
  99  6:59  Extended Thermal Lance  
  96  7:09  Gateway  
  96  7:10  Shield Battery  
  96  7:11  Probe  
  96  7:12  Shield Battery  
  96  7:14  Stalker x2  
  96  7:15  Forge, Stalker  
  103  7:17  Probe  
  104  7:29  Colossus  
  110  7:34  Phoenix (Chrono Boost)  
  112  7:37  Photon Cannon  
  112  7:39  Photon Cannon  
  112  7:43  Stalker x3  
  114  7:47  Protoss Ground Armor Level 1 (Chrono Boost)  
  114  7:49  Pylon  
  114  7:56  Phoenix (Chrono Boost), Protoss Ground Weapons Level 2 (Chrono Boost)  
  114  8:15  Nexus, Probe x3  
  114  8:18  Pylon  
  117  8:21  Phoenix, Photon Cannon  
  117  8:25  Stalker x3  
  125  8:34  Pylon  
  125  8:36  Pylon, Probe  
  125  8:37  Charge  
  125  8:38  Probe x2  
  128  8:44  Templar Archives  
  128  8:46  Phoenix  
  130  8:49  Photon Cannon, Probe  
  130  8:51  Shield Battery  
  131  9:01  Stalker x3  
  137  9:07  Colossus  
  143  9:12  Phoenix  
  139  9:19  Stalker x3  
  142  9:25  Stalker x2  
  143  9:37  Phoenix  
  145  9:42  High Templar x4  
  145  9:43  Zealot  
  155  9:47  Archon x2  
  155  9:56  Pylon  
  155  9:57  Pylon  
  152  10:00  Stalker x4  
  152  10:02  Phoenix  
  162  10:09  Stalker  
  164  10:16  Pylon  
  164  10:17  Pylon  
  156  10:26  Zealot, High Templar x2  
  156  10:27  Phoenix, Zealot x5  
  170  10:32  Photon Cannon  
  170  10:33  Archon  
  170  10:35  Photon Cannon  
  170  10:36  Warp Prism (Chrono Boost)  
  170  10:38  Shield Battery  
  170  10:40  Shield Battery  
  170  10:42  Assimilator  
  172  10:47  Assimilator  
  170  10:50  Zealot x4  
  170  10:51  Zealot  
  170  10:54  Zealot  
  182  10:59  Stalker x2  
  168  11:12  Stalker x5  
Show
View Real Time Build Order
Export as new Build Order

Starbuck Zerg 

Build Orders: Hatch First, Muta Ling Bane 

Get SALT Encoding   

  12  0:00  Drone  
  13  0:12  Overlord  
  13  0:17  Drone  
  14  0:30  Drone x2  
  14  0:34  Drone  
  17  0:49  Drone  
  18  1:00  Hatchery  
  18  1:02  Drone  
  18  1:08  Extractor  
  17  1:16  Spawning Pool  
  17  1:17  Drone  
  17  1:20  Drone  
  18  1:28  Drone  
  19  1:38  Overlord  
  19  1:49  Drone  
  20  2:02  Queen  
  20  2:03  Zergling x2  
  23  2:09  Metabolic Boost  
  23  2:12  Queen  
  23  2:13  Zergling x2, Drone  
  27  2:21  Drone  
  28  2:27  Drone  
  29  2:34  Drone x2  
  31  2:42  Hatchery  
  29  2:45  Zergling x2  
  29  2:46  Zergling x2  
  31  2:54  Overlord  
  31  2:55  Drone  
  32  3:06  Drone x2  
  32  3:11  Drone  
  32  3:12  Queen  
  37  3:13  Drone  
  37  3:14  Drone  
  39  3:25  Zergling x4  
  40  3:36  Drone x2  
  40  3:38  Spore Crawler  
  40  3:40  Spore Crawler  
  40  3:43  Drone  
  40  3:45  Drone  
  40  3:47  Drone  
  43  3:48  Drone  
  43  3:53  Overlord  
  44  3:56  Drone  
  41  4:03  Drone x2  
  43  4:10  Spore Crawler, Lair  
  43  4:12  Drone  
  43  4:15  Drone  
  44  4:19  Drone x2  
  44  4:20  Drone  
  47  4:24  Overlord  
  47  4:28  Drone x2  
  47  4:31  Drone, Extractor  
  48  4:39  Drone x2  
  48  4:40  Overlord  
  48  4:44  Drone x2, Evolution Chamber  
  51  4:46  Drone  
  51  4:47  Drone  
  53  4:54  Drone x3  
  53  4:56  Extractor  
  55  5:03  Drone x2  
  57  5:07  Drone x5  
  57  5:12  Extractor  
  57  5:13  Zerg Melee Weapons Level 1  
  60  5:15  Drone x2  
  60  5:17  Hydralisk Den  
  55  5:24  Drone x3  
  55  5:27  Drone x3  
  61  5:34  Zergling x2  
  61  5:35  Zergling x8  
  66  5:42  Overlord  
  66  5:55  Spire  
  66  5:56  Drone, Extractor  
  66  5:57  Overlord x2, Extractor  
  65  6:00  Drone x2  
  65  6:01  Drone  
  65  6:02  Drone x4  
  65  6:03  Drone  
  72  6:05  Drone  
  72  6:06  Drone  
  74  6:12  Baneling Nest  
  74  6:16  Queen  
  75  6:18  Drone  
  75  6:19  Drone x3  
  75  6:20  Drone  
  75  6:24  Drone x3  
  83  6:33  Drone  
  83  6:34  Overlord  
  83  6:39  Overlord  
  84  6:42  Hatchery  
  84  6:44  Overlord x2  
  83  6:51  Overlord  
  83  7:05  Centrifical Hooks  
  83  7:07  Mutalisk x7  
  83  7:08  Mutalisk  
  99  7:10  Overlord  
  99  7:11  Mutalisk  
  101  7:20  Drone x2  
  101  7:22  Extractor  
  102  7:26  Extractor  
  102  7:27  Drone x3  
  102  7:28  Drone x3  
  100  7:37  Zerg Melee Weapons Level 2  
  100  7:40  Drone x4  
  100  7:41  Drone x2  
  106  7:48  Drone x2  
  106  7:50  Zerg Flyer Weapons Level 1  
  108  7:54  Overlord  
  108  7:56  Drone x3  
  108  7:57  Drone x2  
  113  8:00  Muscular Augments  
  113  8:01  Drone  
  113  8:02  Lurker Den  
  113  8:06  Zergling x8  
  113  8:07  Overlord  
  113  8:10  Zergling x6  
  119  8:29  Mutalisk x4  
  119  8:30  Mutalisk x3  
  133  8:40  Mutalisk x2  
  137  8:41  Overlord  
  137  8:42  Zergling x2  
  137  8:43  Zergling x12  
  137  8:45  Zergling x4  
  137  8:47  Hatchery  
  145  8:49  Hydralisk x2  
  145  8:52  Overlord x2  
  149  8:56  Corruptor  
  147  9:16  Corruptor  
  143  9:17  Corruptor x5  
  143  9:18  Zergling x2  
  143  9:19  Zergling x14  
  161  9:30  Mutalisk x3  
  167  9:35  Mutalisk  
  167  9:37  Drone x2  
  167  9:40  Overlord  
  166  9:47  Mutalisk x2  
  166  9:49  Mutalisk  
  166  9:52  Mutalisk  
  167  9:54  Zergling x12  
  167  9:55  Baneling, Overlord  
  167  9:59  Zergling x2  
  177  10:00  Zergling x6  
  177  10:02  Baneling x6  
  177  10:06  Zergling x8  
  183  10:10  Baneling x5  
  176  10:15  Baneling x2  
  170  10:26  Mutalisk x3  
  169  10:28  Zergling x2  
  169  10:29  Zergling x20  
  180  10:36  Queen  
  180  10:38  Extractor x2  
  180  10:40  Overlord  
  180  10:43  Hatchery  
  168  10:50  Mutalisk x6  
  168  10:54  Zergling x2  
  168  10:55  Zergling x6  
  171  10:58  Baneling  
  171  10:59  Zergling x6  
  171  11:02  Zergling x2  
Tags
 
Add a new tag
Caveats
  • Supply blocks, unpowered buildings, or Contaminate may cause inaccurate times.
  • Supply counts are checked every 10 seconds.